 Dungeon Crawl Stone Soup version 0.22-a0-609-gfedc9ff (webtiles) character file.

76 Hebeh the Magician (level 4, 0/24 HPs)
             Began as a Deep Elf Fire Elementalist on July 10, 2018.
             Slain by a kobold (1 damage)
             ... on level 2 of the Dungeon.
             The game lasted 00:12:05 (2200 turns).

Hebeh the Magician (Deep Elf Fire Elementalist)     Turns: 2200, Time: 00:12:06

Health: 0/24       AC:  5    Str:  6    XL:     4   Next: 12%
Magic:  3/12       EV: 13    Int: 20    God:
Gold:   76         SH:  0    Dex: 15    Spells: 5/11 levels left

rFire    . . .     SeeInvis .   h - -1 club (curse)
rCold    . . .     Gourm    .   (no shield)
rNeg     . . .     Faith    .   a - +0 robe
rPois    .         Spirit   .   (no helmet)
rElec    .         Reflect  .   i - +1 cloak
rCorr    .         Harm     .   l - +0 pair of gloves
MR       .....                  (no boots)
Stlth    ++........             (no amulet)
HPRegen  0.08/turn              (no ring)
MPRegen  0.13/turn              (no ring)

@: no status effects
A: no striking features
a: no special abilities


You were on level 2 of the Dungeon.
You were not hungry.

You visited 1 branch of the dungeon, and saw 3 of its levels.

You collected 76 gold pieces.

Inventory:

Hand Weapons
 h - a cursed -1 club (weapon)
 o - a +0 club
Missiles
 b - 4 stones (quivered)
Armour
 a - a +0 robe (worn)
 i - a +1 cloak (worn)
 l - a +0 pair of gloves (worn)
Scrolls
 d - a scroll of fog
 n - 3 scrolls of enchant armour
Potions
 e - a potion of invisibility {unknown}
 f - a potion of lignification {unknown}
 g - a potion of cancellation {unknown}
 k - a potion of flight {unknown}
 m - a potion of haste {unknown}
Comestibles
 c - 6 rations
 j - 2 chunks of flesh


   Skills:
 - Level 2.4 Dodging
 - Level 2.4 Stealth
 + Level 4.2 Spellcasting
 + Level 2.5 Conjurations
 + Level 4.2 Fire Magic


You had 5 spell levels left.
You knew the following spells:

 Your Spells              Type           Power        Failure   Level  Hunger
a - Flame Tongue          Conj/Fire      ###..        3%          1    None
b - Throw Flame           Conj/Fire      ###...       4%          2    #......
c - Conjure Flame         Conj/Fire      ###.....     10%         3    ###....

Your spell library contained the following spells:

 Spells                   Type           Power        Failure   Level  Hunger
 Fireball                 Conj/Fire      ###.......   65%         5    ######.
 Sticky Flame             Conj/Fire      ###.....     30%         4    ####...
 Inner Flame              Hex/Fire       ##......     16%         3    ###....


Dungeon Overview and Level Annotations

Branches:
Dungeon (3/15)

Altars:
Dithmenos
Makhleb
Qazlal
Zin


Message History

Found 28 stones.
The adder bites you but does no damage.
You feel sick. The adder barely misses you.
You feel sick.
You are no longer poisoned.
The adder misses you.
A rat comes into view.
The adder barely misses you.
An orc and an orc priest come into view.
An orc priest comes into view. It is wielding a flail.
The orc priest moves out of view.
The adder barely misses you. The adder barely misses you. The adder bites you.
* * * LOW HITPOINT WARNING * * *
There is a stone staircase leading up here.
The adder bites you but does no damage. The kobold closely misses you.
You climb upwards.
There is a stone staircase leading down here.
The kobold hits you.
You die...

# #<....)...# #
########..# #### #
##..#####... #
#..........# #
#...#####.## #############
#...# ###
............##########...#
####.............K.......#
###...#####.....@S......##
....#.<...#############.#
###...###.# #.# .....##
#.#############.# ######
#...............#
#################


You could see an adder and a kobold.

Vanquished Creatures
  An ooze (D:3)
  2 worms (D:2)
  3 dart slugs
  2 leopard geckos
  4 orcs (D:3)
  5 giant cockroaches (D:2)
  6 goblins
  6 hobgoblins
  A quokka (D:2)
  A ball python (D:2)
  8 bats
  2 frilled lizards
  6 kobolds
  5 rats
52 creatures vanquished.

Notes
Turn   | Place    | Note
-------+----------+-------------------------------------------
     0 | D:1      | Hebeh the Deep Elf Fire Elementalist began the quest for the Orb.
     0 | D:1      | Reached XP level 1. HP: 10/10 MP: 6/6
   346 | D:1      | Reached XP level 2. HP: 8/15 MP: 2/8
   979 | D:1      | Reached XP level 3. HP: 19/19 MP: 7/10
  1439 | D:2      | Found a shadowy altar of Dithmenos.
  1996 | D:2      | Found a faded altar of an unknown god.
  1996 | D:2      | Found a faded altar of an unknown god.
  2002 | D:2      | Found a glowing silver altar of Zin.
  2005 | D:2      | Found a burning altar of Makhleb.
  2007 | D:2      | Found a stormy altar of Qazlal.
  2096 | D:2      | Learned a level 2 spell: Throw Flame
  2100 | D:2      | Learned a level 3 spell: Conjure Flame
  2151 | D:3      | Reached XP level 4. HP: 24/24 MP: 9/12
  2196 | D:3      | HP: 1/24 [adder (3)]
  2200 | D:2      | Slain by a kobold

Vault maps used:
D:1:      lordsloth_arrival_two_stooges, item_on_display_a
D:2:      chequers_temple_overflow_minitemple, nicolae_overflow_crystal_walls,
          first_ration, skrybe_limestone_x
D:3:      nicolae_ru_sacrificial_ziggurat, lemuel_doored_altar,
          lemuel_flame_loot_1

Skill      XL: |  1  2  3 |
---------------+----------+-----
Conjurations   | 2 |  2.5
Spellcasting   | 4 |  4.2
Fire Magic     | 4 |  4.2
Dodging        | |  2.4
Stealth        | |  2.4

Action                   |  1- 3 |  4- 6 || total
-------------------------+-------+-------++-------
Melee: Unarmed           |     2 |       ||     2
       Club              |     2 |     8 ||    10
Throw: Stone             |     4 |       ||     4
 Cast: Flame Tongue      |    91 |    10 ||   101
       Conjure Flame     |       |     1 ||     1
  Use: Scroll            |     5 |       ||     5
  Eat: Chunk             |     4 |       ||     4
Armor: Robe              |     8 |     5 ||    13
Dodge: Dodged            |    26 |    19 ||    45

Table legend:
 A = Spawn XP
 B = Non-spawn XP
 C = Spawn XP percentage of total XP
 D = Spawn monster count
 E = Non-spawn monster count
 F = Spawn count percentage of total count
 G = Total turns spent on level
                    A         B        C        D         E        F      G
               +---------+---------+-------+---------+---------+-------+---------
         Total |       0 |     109 |   0.0 |       0 |      52 |   0.0 |  2200
               +---------+---------+-------+---------+---------+-------+---------
           D:1 |       0 |      41 |   0.0 |       0 |      23 |   0.0 |  1081
           D:2 |       0 |      49 |   0.0 |       0 |      24 |   0.0 |  1050
           D:3 |       0 |      19 |   0.0 |       0 |       5 |   0.0 |    69
               +---------+---------+-------+---------+---------+-------+---------
